 Dungeon Crawl Stone Soup version 0.29.1-13-g9f3cf754e1 (webtiles) character file.

Game seed: 8577227186615434967

212 Thatpatchoflichen the Shooter (level 5, -10/42 HPs)
             Began as a Demonspawn Hunter on Feb 7, 2023.
             Killed by divine providence
             ... invoked by an orc priest
              (14 damage)
             ... on level 3 of the Dungeon.
             The game lasted 00:08:39 (3555 turns).

Thatpatchoflichen the Shooter (Demonspawn Hunter)   Turns: 3555, Time: 00:08:40

Health: -10/42     AC: 10    Str: 12    XL:     5   Next: 58%
Magic:  0/5        EV: 10    Int: 10    God:
Gold:   232        SH:  0    Dex: 18    Spells: 4/4 levels left

rFire   . . .      SeeInvis .   a - +0 shortbow
rCold   . . .      Faith    .   (shield currently unavailable)
rNeg    . . .      Spirit   +   v - +1 scale mail {Will+}
rPois   .          Reflect  .   m - +0 helmet
rElec   .          Harm     .   e - +0 cloak
rCorr   .          Rampage  .   j - +0 pair of gloves
Will    +....                   (no boots)
Stlth   ..........              o - amulet of guardian spirit
HPRegen 0.14/turn               (no ring)
MPRegen 0.09/turn               (no ring)

@: lethally poisoned (-10 -> -23)
A: weakness stinger 1
a: no special abilities


You were on level 3 of the Dungeon.
You visited 1 branch of the dungeon, and saw 3 of its levels.

You collected 232 gold pieces.

Inventory:

Hand Weapons
 a - a +0 shortbow (weapon)
 l - a +1 dagger of venom
Armour
 e - a +0 cloak (worn)
 j - a +0 pair of gloves (worn)
 m - a +0 helmet (worn)
 v - a +1 scale mail of willpower (worn)
Jewellery
 o - an amulet of guardian spirit (around neck)
Wands
 t - a wand of digging (2)
Scrolls
 b - a scroll of immolation
 c - a scroll of enchant weapon {unknown}
 d - 3 scrolls of identify {unknown}
 g - 3 scrolls of magic mapping {unknown}
 h - a scroll of vulnerability {unknown}
 p - a scroll of teleportation {unknown}
 r - a scroll of silence {unknown}
Potions
 f - 2 potions of might {unknown}
 k - 2 potions of heal wounds
 n - a potion of ambrosia {unknown}
 q - 2 potions of lignification {unknown}
 u - a potion of magic {unknown}


   Skills:
 + Level 4.0 Fighting
 - Level 4.0 Ranged Weapons
 - Level 4.0 Dodging
 - Level 0.8 Stealth


You had 4 spell levels left.
You didn't know any spells.
Your spell library contained the following spells:

 Spells                   Type           Power      Damage    Failure   Level
 Ozocubu's Armour         Ice            0%         N/A       99%         3
 Metabolic Englaciation   Hex/Ice        0%         N/A       100%        5
 Simulacrum               Ice/Necr       0%         N/A       100%        6
 Ozocubu's Refrigeration  Ice            0%         4d7       100%        7


Dungeon Overview and Level Annotations

Branches:
Dungeon (3/15)

Altars:
Dithmenos

Annotations:
D:1 2 runed translucent doors
D:2 1 runed translucent door, Crazy Yiuf


Innate Abilities, Weirdness & Mutations

You have a small tail.


Message History

Press: ? - help, Q - select action Shift-Dir - straight line, f/p - orc priest
Aim: an orc priest, wielding a +2 dagger of venom (lightly wounded, 65% to hit)
You shoot an arrow. The arrow hits the orc priest.
The orc priest is heavily wounded.
You feel very sick.
The jackal bites you but does no damage.
The orc hits you with a +0 club.
The orc priest hits you with a +2 dagger of venom.
The jackal bites you but does no damage.
The orc hits you with a +0 club.
The orc priest hits you but does no damage.
You are more poisoned.
The jackal bites you.
Unknown command.
Fire: a) +0 shortbow
Press: ? - help, Q - select action Shift-Dir - straight line, f/p - orc priest
Aim: an orc priest, wielding a +2 dagger of venom (heavily wounded, 65% to hit)
You shoot an arrow.
The arrow closely misses the orc priest.
* * * LOW HITPOINT WARNING * * *
You feel very sick. The jackal closely misses you.
The orc completely misses you.
The orc priest hits you but does no damage.
You are more poisoned.
The jackal bites you but does no damage.
Fire: a) +0 shortbow
Press: ? - help, Q - select action Shift-Dir - straight line, f/p - orc priest
Aim: an orc priest, wielding a +2 dagger of venom (heavily wounded, 65% to hit)
You shoot an arrow.
The arrow closely misses the orc priest.
* * * LOW HITPOINT WARNING * * *
You feel extremely sick.
The jackal bites you but does no damage.
The orc hits you but does no damage. The orc priest closely misses you.
The jackal bites you.
* * * LOW HITPOINT WARNING * * *
The orc closely misses you.
The orc priest mumbles some strange prayers to Beogh against you.
Beogh smites you!
You die...

##### #.)h########
##.@o........ ###
#..o.#.#####.
######.######...#..h.§§
##...........#...#.≈§†≈§
##................#.§.....
#................##§§§≈≈.≈
#........).........§≈.≈...
....).............#§§§≈._.
....................§.≈..


You could see an orc priest, an orc and a jackal.

Vanquished Creatures
  An orc priest (D:3)
  Jessica (D:2)
  An orc wizard (D:2)
  4 gnolls (D:2)
  3 adders (D:2)
  2 worms (D:2)
  2 dart slugs (D:1)
  5 orcs
  5 bats
  5 endoplasms
  A giant cockroach (D:1)
  A goblin (D:1)
  6 hobgoblins
  5 jackals
  4 kobolds
  A quokka (D:1)
  3 ball pythons
  2 frilled lizards
  6 rats
58 creatures vanquished.

Notes
Turn   | Place    | Note
-------+----------+-------------------------------------------
     0 | D:1      | Thatpatchoflichen the Demonspawn Hunter began the quest for
                  | the Orb.
     0 | D:1      | Reached XP level 1. HP: 16/16 MP: 1/1
    32 | D:1      | Found a large runed translucent door.
    32 | D:1      | Found a large runed translucent door.
    32 | D:1      | Noticed an ogre
    33 | D:1      | Noticed an ogre
    39 | D:1      | Noticed an ogre
    41 | D:1      | Noticed an ogre
   360 | D:1      | Gained mutation: You have a small tail. [demonic ancestry]
   360 | D:1      | Reached XP level 2. HP: 22/22 MP: 2/2
   842 | D:1      | Found a faded altar of an unknown god.
  1144 | D:2      | Reached XP level 3. HP: 28/28 MP: 3/3
  1473 | D:2      | Noticed Jessica
  1476 | D:2      | Killed Jessica
  1638 | D:2      | Reached XP level 4. HP: 35/35 MP: 4/4
  2296 | D:2      | Found a runed translucent door.
  2297 | D:2      | Noticed Crazy Yiuf
  2713 | D:2      | Reached XP level 5. HP: 25/42 MP: 5/5
  3532 | D:3      | Found a shadowy altar of Dithmenos.
  3555 | D:3      | Killed from afar by an orc priest

Illustrated notes

Levels and vault maps discovered:
D:1:      erik_arrival_cave_to_civilisation [erik_arrival_cave_to_temple],
          layout_basic, dreamdust_ecumenical_altar_hidden_monk_grotto,
          chequers_serial_rivers_large_b
D:2:      layout_basic, uniq_crazy_yiuf_cottage, uniq_jessica
D:3:      layout_rooms, mainiacjoe_overflow_concentric_impassable

Skill      XL: |  1  2  3  4  5 |
---------------+----------------+-----
Dodging        | 2 3 4 |  4.0
Ranged Weapons | 4 |  4.0
Fighting       | 3 4 |  4.0
Stealth        | |  0.8

Action                   |  1- 3 |  4- 6 || total
-------------------------+-------+-------++-------
 Fire: Shortbow          |    81 |   133 ||   214
  Use: Potion            |       |     1 ||     1
Armor: Leather armour    |     1 |       ||     1
       Scale mail        |    46 |    73 ||   119
Dodge: Dodged            |    55 |    83 ||   138
